 Dungeon Sprint DCSS version 0.17-a0-18-gc25b939 (webtiles) character file.

12 BluebellGnoll the Vexing (level 4, 14/28 HPs)
             Began as a High Elf Arcane Marksman on Mar 9, 2015.
             Was a Follower of Makhleb.
             Quit the game in the Dungeon (Sprint VI: "Thunderdome").
             The game lasted 00:02:48 (169 turns).

BluebellGnoll the Vexing (High Elf Arcane Marksman)  Turns: 169, Time: 00:02:48

Health: 14/28      AC:  2    Str: 14    XL:     4   Next: 44%
Magic:  9/10       EV: 16    Int: 24    God:    Makhleb [*.....]
Gold:   40         SH:  0    Dex: 15    Spells: 1 memorised, 6 levels left

rFire  x . .     SeeInvis .     b - +0 shortbow
rCold  + . .     Clarity  .     a - +0 robe
rNeg   . . .     SustAb   .     (no shield)
rPois  .         Gourm    .     (no helmet)
rElec  .         Spirit   .     (no cloak)
rCorr  .         Warding  .     (no gloves)
rMut   +         NoTele   +     (no boots)
MR     .....                    p - amulet of the Nine Wishes {rMut Str+5}
Stlth  +.........               r - ring "Ocvucint" {Ice MR- Str-5 Int+7}
                                q - ring of Vuxunuong {EV+2 Str+4}

@: not resistant to hostile enchantments, very unstealthy
A: no striking features
a: Renounce Religion


You were in the Dungeon.
You worshipped Makhleb.
Makhleb was aware of your devotion.
You were not hungry.

You visited 1 branch You collected 220 gold pieces.
You spent 180 gold pieces at shops.

Inventory:

Hand weapons
 b - a +0 shortbow (weapon)
 s - a +0 scythe
 t - a +2 hand axe of freezing
Missiles
 c - 17 arrows (quivered)
Armour
 a - a +0 robe (worn)
 u - a +0 scale mail
Jewellery
 p - the amulet of the Nine Wishes (around neck) {rMut Str+5}
   (You bought it in a shop in the Dungeon)

   [amulet of resist mutation]

   It protects you from mutation.
   It affects your strength (+5).
 q - the ring of Vuxunuong (left hand) {EV+2 Str+4}
   (You bought it in a shop in the Dungeon)

   [ring of evasion]

   It affects your evasion (+2).
   It affects your strength (+4).
 r - the ring "Ocvucint" (right hand) {Ice MR- Str-5 Int+7}
   (You bought it in a shop in the Dungeon)

   [ring of ice]

   It enhances your ice magic, and weakens your fire magic.
   It affects your strength (-5).
   It affects your intelligence (+7).
   It makes you vulnerable to fire.
   It protects you from cold.
   It affects your resistance to hostile enchantments.
Magical devices
 l - a wand of cold (2)
 m - a wand of fire (5)
Scrolls
 k - 4 scrolls of blinking
 n - 3 scrolls of fog
Potions
 e - a potion of curing
 g - 4 potions of heal wounds
 h - 4 potions of haste
 i - 2 potions of magic
 j - a potion of berserk rage
 o - a potion of resistance
Books
 d - a book of Debilitation

   Spells                             Type                      Level
   a - Corona                         Hexes                        1
   b - Slow                           Hexes                        2
   c - Inner Flame                    Hexes/Fire                   3
   d - Enslavement                    Hexes                        4
   e - Cause Fear                     Hexes                        4
   f - Leda's Liquefaction            Hexes/Earth                  4
Comestibles
 f - a bread ration


   Skills:
 + Level 1.0 Fighting
 + Level 5.7 Bows
 + Level 4.8 Dodging
 + Level 2.0 Spellcasting
 + Level 7.3 Hexes
 + Level 0.4 Evocations


You had 6 spell levels left.
You knew the following spells:

 Your Spells              Type           Power        Failure   Level  Hunger
a - Corona                Hex            #####..      1%          1    #......


Dungeon Overview and Level Annotations

Branches:
Dungeon (1/1)

Altars:
Cheibriados
Dithmenos
Fedhas
Gozag
Kikubaaqudgha
Makhleb
Okawaru
Qazlal
Ru
Sif Muna
Trog
Vehumet
Xom
Yredelemnul
Zin
The Shining One
Jiyva
Lugonu

Shops:
D *[%??*?*:[((!!!!


Message History

You shoot an arrow. The arrow hits the adder!
You kill the adder!
Makhleb accepts your kill.
Victory!
Score multiplier: 2x You now have 12 arena points (gained 12).
Your Spellcasting skill increases to level 2!
Unknown command.
You now have 40 gold pieces (gained 20).
c - 16 arrows (gained 1)
You see here an orc corpse.
c - 17 arrows (gained 1)
You see here the human corpse of Terence.
Wield which item (- for none, * to show all)? (? for menu, Esc to quit)
It glows with a cold blue light!
t - a +2 hand axe of freezing (weapon)
Wield which item (- for none, * to show all)? (? for menu, Esc to quit)
Your +2 hand axe of freezing stops glowing.
b - a +0 shortbow (weapon)
Are you sure you want to abandon this character and quit the game? (Confirm with "yes".)

#_........# #_........#
#........_# ###.........###
#⌠...........⌠#
######.8.........8.######
##∩__.......###......_._∩#
###∩........8.# #.8........∩
##.†.......†@..###...........
#⌠..........###...###.[......
#⌠..........# #.<.# #........
#⌠..........###...###........
##.............###...........
###∩........8.# #.8........∩
##∩___......###......___∩#
######.8.........8.######
#⌠...........⌠#


There were no monsters in sight!

Vanquished Creatures
  Sigmund (D)
  Terence (D)
  An adder (D)
  An orc (D)
  A bat (D)
5 creatures vanquished.

Notes
Turn   | Place    | Note
--------------------------------------------------------------
     0 | D        | BluebellGnoll, the High Elf Arcane Marksman, began the quest for the Orb.
     0 | D        | Reached XP level 1. HP: 13/13 MP: 3/3
     2 | D        | Found a glowing golden altar of the Shining One.
     2 | D        | Found a shadowy altar of Dithmenos.
     3 | D        | Found a sacrificial altar of Ru.
     3 | D        | Found a deep blue altar of Sif Muna.
     4 | D        | Found a radiant altar of Vehumet.
     4 | D        | Found a viscous altar of Jiyva.
     5 | D        | Found Emilujoif's Advanced Armour.
     5 | D        | Found Fuyqiupi's Identification Station.
     5 | D        | Found an ancient bone altar of Kikubaaqudgha.
     5 | D        | Round 1.
     6 | D        | Found Muolafif's Jewellery.
     6 | D        | Found a snail-covered altar of Cheibriados.
     6 | D        | Found Cric Wilo's Bee Food.
    12 | D        | Found a glowing silver altar of Zin.
    12 | D        | Found Gaenaol's Premium Goods.
    12 | D        | Found Klyibli's Miscellaneous Merchandise.
    13 | D        | Found a basalt altar of Yredelemnul.
    13 | D        | Found Oppostak's Weapon Rack.
    13 | D        | Found Phopiwk's Basic Armour.
    14 | D        | Found an opulent altar of Gozag.
    15 | D        | Found a bloodstained altar of Trog.
    16 | D        | Found a stormy altar of Qazlal.
    17 | D        | Found Gruuluy's Do-It-Yourself Clinic.
    18 | D        | Found Mnotinot's Bottled Wisdom.
    18 | D        | Found a shimmering altar of Xom.
    18 | D        | Noticed Sigmund
    19 | D        | Found a corrupted altar of Lugonu.
    20 | D        | Found Ynoipovec's Distillery.
    20 | D        | Found Hoop's Distillery.
    24 | D        | Killed Sigmund
    24 | D        | Reached skill level 5 in Bows
    24 | D        | Reached skill level 6 in Hexes
    24 | D        | Reached XP level 2. HP: 5/18 MP: 4/4
    24 | D        | Reached XP level 3. HP: 6/23 MP: 7/7
    24 | D        | Reached XP level 4. HP: 7/28 MP: 9/9
    26 | D        | Found a blossoming altar of Fedhas.
    29 | D        | Found Pniujolosch's Staff Store.
    30 | D        | Found Cleoda's Must-Have Magic.
    31 | D        | Found a burning altar of Makhleb.
    31 | D        | Found an iron altar of Okawaru.
    33 | D        | Found Kodeamm's Magic Scroll Shop.
    33 | D        | Found Ituydem's Magic Scroll Shop.
    40 | D        | Became a worshipper of Makhleb the Destroyer
    55 | D        | Bought a coiled amethyst amulet for 45 gold pieces
    55 | D        | Bought a shimmering marble ring for 45 gold pieces
    55 | D        | Bought a pitted golden ring for 45 gold pieces
    55 | D        | Identified the amulet of Sakoat {Inacc +Inv MP-9 Str+3 Int+5 Dex-4} (You bought it in a shop in the Dungeon)
    59 | D        | Identified the ring of Vuxunuong {EV+2 Str+4} (You bought it in a shop in the Dungeon)
    60 | D        | Identified the ring "Ocvucint" {Ice MR- Str-5 Int+7} (You bought it in a shop in the Dungeon)
    61 | D        | Bought a sparkling sapphire amulet for 45 gold pieces
    61 | D        | Identified the amulet of the Nine Wishes {rMut Str+5} (You bought it in a shop in the Dungeon)
    75 | D        | Noticed Terence
    99 | D        | Acquired Makhleb's first power
   102 | D        | Killed Terence
   102 | D        | Reached skill level 7 in Hexes
   159 | D        | Arena points: 12 (+12) [x2]
   169 | D        | Quit the game

Action                   |  1- 3 |  4- 6 || total
-------------------------+-------+-------++-------
 Fire: Shortbow          |     1 |    12 ||    13
 Cast: Corona            |       |     3 ||     3
Evoke: Wand              |     2 |     1 ||     3
